 Dungeon Crawl Stone Soup version 0.30-a0-782-ge64f9170bb (webtiles) character file.

Game seed: 14329845296316590310

3460 Barriton the Destroyer (level 9, -1/68 HPs)
             Began as a Purple Draconian Conjurer on Feb 24, 2023.
             Slain by a killer bee (7 damage)
             ... on level 7 of the Dungeon.
             The game lasted 00:17:33 (9384 turns).

Barriton the Destroyer (Purple Draconian Conjurer)  Turns: 9384, Time: 00:17:34

Health: -1/68      AC:  9    Str: 10    XL:     9   Next: 78%
Magic:  6/22       EV: 13    Int: 28    God:
Gold:   405        SH:  0    Dex: 10    Spells: 16/26 levels left

rFire   . . .      SeeInvis .    i - staff of cold
rCold   + . .      Faith    .    (no shield)
rNeg    . . .      Spirit   .    (body armour unavailable)
rPois   +          Reflect  .    (helmet restricted)
rElec   .          Harm     .    (no cloak)
rCorr   .          Rampage  .    d - +1 pair of gloves
Will    +....                    (no boots)
Stlth   ++                       (no amulet)
HPRegen 0.31/turn                p - +6 ring of intelligence
MPRegen 0.18/turn                f - ring of poison resistance

@: mighty
A: breathe power, AC +7, unfitting armour, cold-blooded
a: Breathe Dispelling Energy


You were on level 7 of the Dungeon.
You visited 2 branches of the dungeon, and saw 9 of its levels.
You also visited: Ossuary.

You collected 405 gold pieces.

Inventory:

Armour
 d - a +1 pair of gloves (worn)
Magical Staves
 i - a staff of cold (weapon)
Jewellery
 f - a ring of poison resistance (right hand)
 p - a +6 ring of intelligence (left hand)
Wands
 c - a wand of flame (23)
 y - a wand of iceblast (13)
 A - a wand of paralysis (9)
Scrolls
 b - 6 scrolls of teleportation
 l - 3 scrolls of amnesia
 m - 3 scrolls of silence
 o - a scroll of enchant weapon
 z - a scroll of magic mapping
Potions
 a - 2 potions of magic
 e - 4 potions of ambrosia
 g - 4 potions of might
 h - a potion of heal wounds
 j - 4 potions of flight
 n - a potion of attraction
 q - a potion of curing
 r - 3 potions of degeneration
 s - a potion of lignification {unknown}
 t - a potion of resistance {unknown}
 u - a potion of haste {unknown}


   Skills:
 + Level 2.3 Fighting
 + Level 2.6 Staves
 + Level 4.3 Dodging
 + Level 3.8 Stealth
 + Level 0.8 Unarmed Combat
 + Level 9.2 Spellcasting
 + Level 9.8 Conjurations
 + Level 1.1 Hexes


You had 16 spell levels left.
You knew the following spells:

 Your Spells              Type           Power      Damage    Failure   Level
a - Magic Dart            Conj           100%       1d8       1%          1
b - Searing Ray           Conj           100%       2d8       1%          2
c - Dazzling Flash        Conj/Hex       86%        N/A       1%          3
d - Fulminant Prism       Conj/Hex       21%        3d12      4%          4

Your spell library contained the following spells:

 Spells                   Type           Power      Damage    Failure   Level
 Foxfire                  Conj/Fire      100%       2x1d9     1%          1
 Iskenderun's Mystic Bla  Conj/Tloc      40%        2d9       5%          4
 Sticky Flame             Conj/Fire      40%        2d6       5%          4
 Ignite Poison            Fire/Tmut/Pois 12%        N/A       13%         3
 Fireball                 Conj/Fire      20%        3d10      16%         5
 Starburst                Conj/Fire      20%        6d7       65%         6
 Ignition                 Fire           6%         3d4       100%        8


Dungeon Overview and Level Annotations

Branches:
Dungeon (8/15)             Temple (1/1) D:4         Ossuary (visited)
   Lair: D:8-11

Altars:
Ashenzari
Cheibriados
Dithmenos
Elyvilon
Fedhas
Gozag
Hepliaklqana
Kikubaaqudgha
Makhleb
Nemelex Xobeh
Okawaru
Qazlal
Ru
Sif Muna
Trog
Uskayaw
Vehumet
Wu Jian
Xom
Yredelemnul
Zin
The Shining One

Shops:
D:5 (


Innate Abilities, Weirdness & Mutations

You can breathe bolts of dispelling energy.
Your rich purple scales are hard. (AC +7)
You cannot fit into any form of body armour.
You are cold-blooded and may be slowed by cold attacks.


Message History

Casting: Magic Dart (safe; 1% risk of failure)
Confirm with . or Enter, or press ? or * to list all spells.
Aiming: Magic Dart (safe; 1% risk of failure)
Press: ? - help, Shift-Dir - straight line, f - killer bee
Aim: a killer bee (100% to hit)
The magic dart hits the killer bee.
The killer bee is moderately wounded.
You are too injured to fight recklessly!
Casting: Magic Dart (safe; 1% risk of failure)
Confirm with . or Enter, or press ? or * to list all spells.
Aiming: Magic Dart (safe; 1% risk of failure)
Press: ? - help, Shift-Dir - straight line, f/p - killer bee
Aim: a killer bee (moderately wounded, 100% to hit)
The magic dart hits the killer bee.
The killer bee is heavily wounded.
The killer bee stings you.
* * * LOW HITPOINT WARNING * * *
Okay, then.
Blink to where?
Press: ? - help, Dir - move target, p - killer bee
As you read the scroll of blinking, it crumbles to dust.
Casting: Magic Dart (safe; 1% risk of failure)
Confirm with . or Enter, or press ? or * to list all spells.
You can't see any susceptible monsters within range! (Use Z to cast anyway.)
Casting: Magic Dart (safe; 1% risk of failure)
Confirm with . or Enter, or press ? or * to list all spells.
Aiming: Searing Ray (safe; 1% risk of failure)
Press: ? - help, Shift-Dir - straight line, f - killer bee
Aim: a killer bee (heavily wounded, 65% to hit)
The searing ray hits the killer bee!
The killer bee is almost dead. (Press . to maintain the ray.)
The searing ray hits the killer bee!
You kill the killer bee!
The searing ray hits the killer bee.
The killer bee is lightly wounded.
The searing ray hits the killer bee.
The killer bee is heavily wounded.
The killer bee barely misses you. The killer bee stings you!
You die...

....#####...#.#.....###.#.......#
...##...##..#.#.#+#.###.#.......#
####.....##.#.#.#.....#.#.#.....#
##.......###.#.#.......#.####..#
#....#....##.#............# #...
#...###...##.###########..######
#...# #...##....................
#...# #...#<####################
#...# #...#....@y†...........###
##...# #...#.#########...........
.#...# #...#)........#...........
##...# #...#.#..####.#...........
##.[.# #...#.#..# #.#...........
##...# #...#.#..####.#...........
##...# #...#.#.....#.#...........
##...# #...#.#..##.#.#...........
##...# #...#.#.#...#.............


You could see a killer bee.

Vanquished Creatures
  A steam dragon (D:6)
  A water moccasin (D:3)
  3 black bears
  An ice beast (D:7)
  2 ogres (D:5)
  2 centaurs (D:7)
  A bullfrog (D:6)
  12 scorpions (Ossuary)
  2 gnoll sergeants
  3 necrophages
  5 wights (D:8)
  2 killer bees (D:7)
  2 howler monkeys
  6 hounds
  4 human zombies (Ossuary)
  2 iguanas
  2 jellies
  7 scorpion zombies (Ossuary)
  An orc wizard (D:8)
  3 mummies (Ossuary)
  20 gnolls
  11 adders
  A white imp (D:7)
  An ufetubus (D:4)
  4 worms
  A dart slug (D:5)
  An orc (D:6)
  8 bats
  9 endoplasms
  3 giant cockroaches
  11 goblins
  9 hobgoblins
  7 kobolds
  6 quokkas
  8 ball pythons
  4 frilled lizards
  3 gnoll zombies (Ossuary)
  2 kobold zombies (Ossuary)
  2 orc zombies (Ossuary)
  3 rats
176 creatures vanquished.

Vanquished Creatures (others)
  A fulminant prism (D:8)
  2 fungi (D:6)
3 creatures vanquished.

Grand Total: 179 creatures vanquished

Notes
Turn   | Place    | Note
-------+----------+-------------------------------------------
     0 | D:1      | Barriton the Draconian Conjurer began the quest for the
                  | Orb.
     0 | D:1      | Reached XP level 1. HP: 14/14 MP: 3/3
   261 | D:1      | Reached XP level 2. HP: 20/20 MP: 3/5
  1246 | D:1      | Reached XP level 3. HP: 26/26 MP: 3/6
  1384 | D:1      | Learned a level 2 spell: Searing Ray
  1510 | D:2      | Reached skill level 5 in Conjurations
  2001 | D:2      | Reached XP level 4. HP: 33/33 MP: 4/7
  2449 | D:3      | Found an ornate altar of the Wu Jian Council.
  2450 | D:3      | Found a burning altar of Makhleb.
  2450 | D:3      | Found a hazy altar of Hepliaklqana.
  2450 | D:3      | Found a glowing silver altar of Zin.
  2452 | D:3      | Found an ancient bone altar of Kikubaaqudgha.
  2452 | D:3      | Found a hide-covered altar of Uskayaw.
  2996 | D:3      | Reached skill level 1 in Staves
  3296 | D:3      | Noticed a water moccasin
  3301 | D:3      | Killed a water moccasin
  3302 | D:3      | Reached XP level 5. HP: 35/38 MP: 1/9
  3927 | D:4      | Reached XP level 6. HP: 45/45 MP: 3/10
  4130 | D:4      | Found a staircase to the Ecumenical Temple.
  4144 | Temple   | Entered the Ecumenical Temple
  4423 | D:4      | Found a shadowy altar of Dithmenos.
  4716 | D:5      | Entered Level 5 of the Dungeon
  4717 | D:5      | Found Datecaos's Weapon Emporium.
  4828 | D:5      | Found a sparkling altar of Nemelex Xobeh.
  4894 | D:5      | Your scales start taking on a rich purple colour.
  4894 | D:5      | Reached XP level 7. HP: 50/50 MP: 6/14
  4898 | D:5      | Learned a level 3 spell: Dazzling Flash
  5130 | D:5      | Reached skill level 5 in Spellcasting
  6093 | D:6      | Noticed a steam dragon
  6099 | D:6      | Killed a steam dragon
  6100 | D:6      | Reached skill level 1 in Fighting
  6100 | D:6      | Reached XP level 8. HP: 31/59 MP: 10/17
  6114 | D:6      | Found a sand-covered staircase.
  6237 | Ossuary  | Entered an ossuary
  6656 | Ossuary  | Reached skill level 1 in Hexes
  7026 | Ossuary  | Reached XP level 9. HP: 64/67 MP: 12/20
  9225 | D:8      | Learned a level 4 spell: Fulminant Prism
  9364 | D:7      | HP: 1/68 [killer bee (7)]
  9384 | D:7      | Slain by a killer bee

Illustrated notes

Levels and vault maps discovered:
D:1:      giann_wishing_wells, layout_basic
D:2:      layout_basic
D:3:      layout_loops_corners, grunt_temple_overflow_open, minmay_circle_x
D:4:      layout_gridville, grunt_dithmenos_smoke, minmay_temple_entry_fiery
D:5:      layout_gridville, nemelex_dance_club_becter, serial_shops,
          nicolae_shop_crystal
D:6:      layout_cave_pools, enter_ossuary_5, dreamdust_gnoll_farm
D:7:      layout_basic, minmay_misc_feat_more_columns, nrook_uturn
D:8:      layout_rooms
Temple:   compressed_dpeg_circular_temple

Skill      XL: |  1  2  3  4  5  6  7  8  9 |
---------------+----------------------------+-----
Conjurations   | 5 6 7 8 9 |  9.8
Stealth        | 2 3 |  3.8
Staves         | 1 2 |  2.6
Dodging        | 2 3 4 |  4.3
Spellcasting   | 3 4 6 7 9 |  9.2
Fighting       | 1 2 |  2.3
Hexes          | 1 |  1.1
Unarmed Combat | |  0.8

Action                     |  1- 3 |  4- 6 |  7- 9 || total
---------------------------+-------+-------+-------++-------
  Melee: Unarmed           |     7 |       |       ||     7
         Punch             |     1 |       |       ||     1
         Staff             |    12 |    15 |    30 ||    57
         Tailslap          |     2 |     5 |     3 ||    10
   Cast: Magic Dart        |    77 |    75 |   142 ||   294
         Searing Ray       |       |    13 |    61 ||    74
         Dazzling Flash    |       |       |     6 ||     6
         Fulminant Prism   |       |       |     1 ||     1
    Use: Scroll            |     6 |     8 |    10 ||    24
         Potion            |       |       |     4 ||     4
 Armour: Skin              |    11 |     9 |    62 ||    82
  Dodge: Dodged            |    18 |    20 |   186 ||   224

Table legend: (Time is in decaauts)
 A = Elapsed time spent in this place.
 B = Non-inter-level travel time spent in this place.
 C = Inter-level travel time spent in this place.
 D = Time resting spent in this place.
 E = Time spent auto-exploring this place.
 F = Levels seen in this place.
 G = Mean time per level.
                   A        B        C        D        E       F      G
               +--------+--------+--------+--------+--------+-----+--------+
         Total |   9388 |   9233 |    155 |      0 |   8023 |  10 |  938.8 |
       Dungeon |   8183 |   8035 |    148 |      0 |   7075 |   8 | 1022.9 |
        Temple |    151 |    144 |      7 |      0 |    122 |   1 |  151.0 |
       Ossuary |   1053 |   1053 |      0 |      0 |    826 |   1 | 1053.0 |
               +--------+--------+--------+--------+--------+-----+--------+

Top non-repeatable levels by time:
     D:3: 1412 daAuts
     D:1: 1397 daAuts
     D:5: 1377 daAuts
 Ossuary: 1053 daAuts
     D:7: 1046 daAuts
     D:2: 1014 daAuts
     D:6: 931 daAuts
     D:4: 743 daAuts
     D:8: 259 daAuts
  Temple: 151 daAuts
